 Dungeon Crawl Stone Soup version 0.25-a0-565-g8875c97ebb (webtiles) character file.

Game seed: 12704905218880313336, levelgen mode: deterministic

11787 Flugslaktarn the Cleaver (level 11, -21/110 HPs)
             Began as a Deep Dwarf Fighter on Feb 26, 2020.
             Was a High Priest of Makhleb.
             Demolished by a large slime creature (26 damage)
             ... on level 12 of the Dungeon.
             The game lasted 00:05:14 (6149 turns).

Flugslaktarn the Cleaver (Deep Dwarf Fighter)       Turns: 6149, Time: 00:05:15

Health: -21/110    AC: 17    Str: 22    XL:     11   Next: 53%
Magic:  13/13      EV: 10    Int: 10    God:    Makhleb [*****.]
Gold:   244        SH: 10    Dex: 15    Spells: 10/10 levels left

rFire    + + .     SeeInvis .   b - +2 broad axe (flame)
rCold    + . .     Gourm    .   c - +0 kite shield
rNeg     . . .     Faith    .   G - +0 chain mail
rPois    .         Spirit   .   (no helmet)
rElec    .         Reflect  .   B - scarf {rC+ rF+}
rCorr    .         Harm     .   E - +2 pair of gloves {Dex+3}
MR       +....                  g - +1 pair of boots
Stlth    ..........             (no amulet)
HPRegen  0.00/turn              f - ring of protection from fire
MPRegen  0.13/turn              v - +4 ring of evasion

@: very slightly contaminated, non-regenerating
A: damage resistance, heal wounds, sense surroundings 2, no regeneration
a: Heal Wounds, Minor Destruction, Lesser Servant of Makhleb, Major Destruction,
Greater Servant of Makhleb, Renounce Religion


You were on level 12 of the Dungeon.
You worshipped Makhleb.
Makhleb was extremely pleased with you.
You were not hungry.

You visited 2 branches of the dungeon, and saw 13 of its levels.

You collected 499 gold pieces.
You spent 255 gold pieces at shops.

Inventory:

Hand Weapons
 a - a +0 war axe
 b - a +2 broad axe of flaming (weapon)
   (You took it off Maggie on level 7 of the Dungeon)
 D - a +0 hand axe of electrocution
   (You took it off an orc on level 7 of the Dungeon)
Missiles
 k - 6 throwing nets (quivered)
Armour
 c - a +0 kite shield (worn)
 g - a +1 pair of boots (worn)
   (You found it on level 6 of the Dungeon)
 B - a scarf of resistance (worn)
   (You found it on level 7 of the Dungeon)
 E - a +2 pair of gloves of dexterity (worn)
   (You found it on level 7 of the Dungeon)
 G - a +0 chain mail (worn)
   (You found it on level 7 of the Dungeon)
Jewellery
 f - a ring of protection from fire (left hand)
   (You found it on level 8 of the Dungeon)
 p - an uncursed amulet of faith {unknown}
   (You found it on level 8 of the Dungeon)
 v - a +4 ring of evasion (right hand)
   (You found it on level 5 of the Dungeon)
 y - a cursed ring of teleportation {unknown}
   (You found it on level 8 of the Dungeon)
 K - an uncursed ring of positive energy {unknown}
   (You found it on level 11 of the Dungeon)
Wands
 l - a wand of scattershot (2)
   (You found it on level 8 of the Dungeon)
 J - a wand of acid (5)
   (You found it on level 11 of the Dungeon)
Scrolls
 m - 4 scrolls of fog
 r - 2 scrolls of identify
 t - a scroll of teleportation
 u - a scroll of immolation
 w - 5 scrolls of remove curse
 C - a scroll of magic mapping
 H - a scroll of fear
Potions
 d - 3 potions of might
 h - a potion of heal wounds
 i - a potion of resistance
 j - 3 potions of haste
 n - 2 potions of flight
 o - 2 potions of invisibility
 q - 4 potions of curing
 x - a potion of ambrosia
 A - a potion of mutation
 F - a potion of cancellation
 I - a potion of stabbing {unknown}
Comestibles
 e - 19 rations
 s - 10 chunks of flesh


   Skills:
 * Level 10.3 Fighting
 * Level 11.8 Axes
 + Level 9.0 Armour
 + Level 5.0 Shields
 + Level 8.2 Invocations


You had 10 spell levels left.
You didn't know any spells.
Your spell library was empty.

Dungeon Overview and Level Annotations

Branches:
Dungeon (11/15)            Temple (1/1) D:6            Lair (0/6) D:10
    Orc: D:9-12

Altars:
Ashenzari
Cheibriados
Dithmenos
Elyvilon
Fedhas
Gozag
Hepliaklqana
Kikubaaqudgha
Makhleb
Nemelex Xobeh
Okawaru
Ru
Sif Muna
Trog
Uskayaw
Vehumet
Xom
Yredelemnul
Zin
The Shining One

Shops:
D:4 (   D:5 !   D:8 ?


Innate Abilities, Weirdness & Mutations

You are resistant to damage.
You can heal yourself by infusing magical energy.
You passively map the area around you.
You do not regenerate.


Message History

The wolf spider zombie is severely damaged.
You slash the large slime creature! You burn the large slime creature.
You hit the large slime creature. You burn the large slime creature.
The wolf spider zombie hits you.
The wolf spider zombie bites you but does no damage.
The large slime creature closely misses you.
The large slime creature hits you!
* * * LOW HITPOINT WARNING * * *
You block the wolf spider zombie's attack.
The wolf spider zombie closely misses you.
The large slime creature hits you!!
* * * LOW HITPOINT WARNING * * *
You slash the wolf spider zombie! You burn the wolf spider zombie!
The wolf spider zombie is almost destroyed.
You hit the large slime creature. You burn the large slime creature.
You hit the large slime creature but do no damage.
You feel yourself speed up.
You block the wolf spider zombie's attack. x2
The large slime creature hits you!!
You die...

######.##########.#######
* ,
...........9SSW)()......>,
######.##########.#.####.*
, # * #9# #*** ,* , * *
#S# ,, *, , #S# ,, , , , *
#W# ,, , ..### ########J#
, , * .....,,,,..?...Z@J#
, *, , ..... , ..########
, ..... , , , , , , .....
, , * * , , , , ..... , ,,
,,, , ..... , ,,,, ..... *
*, ..... ,, , ,, * ..... ,
,* * ,


You could see 2 large slime creatures, a freezing wraith, a gargoyle, 2 adders
and a wolf spider zombie.

Vanquished Creatures
  Harold (D:10)
  A hydra (D:9)
  Psyche (D:10)
  Maggie (D:7)
  A troll (D:9)
  4 hippogriffs
  2 dream sheep (D:9)
  A slime creature (D:12)
  A meliai zombie (D:12)
  2 wyverns
  14 yaks
  A wraith (D:12)
  A water elemental (D:11)
  3 hungry ghosts
  Menkaure (D:5)
  A soldier ant (D:12)
  Duvessa (D:4)
  A phantom (D:9)
  A hornet zombie (D:11)
  2 sky beasts
  2 ice beasts
  An eye of draining (D:9)
  2 orc warriors
  3 ogres
  3 centaurs
  3 big kobolds (D:9)
  6 bullfrogs
  Dowan (D:4)
  A wyvern skeleton (D:9)
  11 killer bees
  4 scorpions
  10 wights
  A howler monkey (D:4)
  5 electric eels
  2 crimson imps
  4 bullfrog zombies
  A hound (D:6)
  A centaur skeleton (D:7)
  5 jellies
  5 orc priests
  3 orc wizards
  3 bullfrog skeletons
  7 iguanas
  11 worker ants
  A hound skeleton (D:8)
  2 worker ant zombies
  A howler monkey skeleton (D:9)
  A howler monkey zombie (D:4)
  14 adders
  10 gnolls
  A shadow imp (D:6)
  4 oozes
  An adder skeleton (D:7)
  2 worms
  A leopard gecko (D:7)
  36 orcs
  2 bats
  3 giant cockroaches
  A hobgoblin (D:3)
  6 jackals
  4 quokkas
  A ball python (D:4)
  3 frilled lizards
  A giant cockroach zombie (D:5)
  A jackal zombie (D:7)
  3 kobolds
  A leopard gecko skeleton (D:6)
  A quokka skeleton (D:4)
  2 rats (D:3)
  A bush (D:6)
  A plant (D:9)
241 creatures vanquished.

Vanquished Creatures (others)
  An orc (D:9)
  2 plants (D:9)
3 creatures vanquished.

Grand Total: 244 creatures vanquished

Notes
Turn   | Place    | Note
-------+----------+-------------------------------------------
     0 | D:1      | Flugslaktarn the Deep Dwarf Fighter began the quest for the
                  | Orb.
     0 | D:1      | Reached XP level 1. HP: 20/20 MP: 1/1
   134 | D:2      | Reached XP level 2. HP: 27/27 MP: 2/2
   199 | D:3      | Reached skill level 3 in Axes
   199 | D:3      | Reached XP level 3. HP: 26/34 MP: 3/3
   365 | D:4      | Reached XP level 4. HP: 40/42 MP: 4/4
   496 | D:4      | Reached skill level 4 in Axes
   515 | D:4      | Found a shattered altar of Ashenzari.
   527 | D:4      | Reached XP level 5. HP: 42/50 MP: 5/5
   541 | D:4      | Noticed Duvessa
   550 | D:4      | Killed Duvessa
   552 | D:4      | Noticed Dowan
   564 | D:4      | Killed Dowan
   564 | D:4      | Reached XP level 6. HP: 38/58 MP: 6/6
   687 | D:4      | Found an opulent altar of Gozag.
   688 | D:4      | Found a sparkling altar of Nemelex Xobeh.
   698 | D:4      | Reached skill level 5 in Axes
   749 | D:4      | Found Ulaffyug's Weapon Shoppe.
   873 | D:4      | Reached skill level 5 in Fighting
   873 | D:4      | Reached XP level 7. HP: 67/67 MP: 7/7
  1060 | D:5      | Entered Level 5 of the Dungeon
  1063 | D:5      | Noticed Menkaure
  1070 | D:5      | Killed Menkaure
  1070 | D:5      | Reached skill level 5 in Armour
  1120 | D:5      | Reached skill level 6 in Axes
  1418 | D:5      | Found Liekaezu's Distillery.
  1425 | D:5      | Bought a potion of haste for 150 gold pieces
  1572 | D:5      | Reached XP level 8. HP: 55/76 MP: 7/7
  2001 | D:6      | Found a staircase to the Ecumenical Temple.
  2012 | Temple   | Entered the Ecumenical Temple
  2166 | Temple   | Became a worshipper of Makhleb the Destroyer
  2243 | D:6      | Noticed a hippogriff
  2253 | D:6      | Killed a hippogriff
  2253 | D:6      | Reached skill level 7 in Axes
  2253 | D:6      | Reached skill level 1 in Invocations
  2798 | D:7      | Noticed a hippogriff
  2816 | D:7      | Killed a hippogriff
  2816 | D:7      | Reached * piety under Makhleb
  2816 | D:7      | Reached skill level 8 in Axes
  2848 | D:7      | Gained mutation: You passively map the area around you.
                  | [Deep Dwarf growth]
  2848 | D:7      | Reached XP level 9. HP: 46/86 MP: 9/9
  2884 | D:7      | Found a white marble altar of Elyvilon.
  3183 | D:7      | Reached ** piety under Makhleb
  3327 | D:7      | Noticed Maggie
  3330 | D:7      | Reached skill level 9 in Axes
  3349 | D:7      | Killed Maggie
  3412 | D:8      | Reached skill level 5 in Invocations
  3839 | D:8      | Reached XP level 10. HP: 98/98 MP: 12/12
  3987 | D:8      | Found Daisatov's Magic Scroll Boutique.
  3990 | D:8      | Bought a scroll of enchant armour for 105 gold pieces
  4227 | D:9      | Reached skill level 10 in Axes
  4264 | D:9      | Noticed a three-headed hydra
  4269 | D:9      | Killed a one-headed hydra
  4269 | D:9      | Reached *** piety under Makhleb
  4730 | D:9      | Reached skill level 11 in Axes
  5004 | D:10     | Entered Level 10 of the Dungeon
  5008 | D:10     | Noticed Harold
  5027 | D:10     | Killed Harold
  5027 | D:10     | Reached XP level 11. HP: 98/108 MP: 13/13
  5106 | D:10     | Found a staircase to the Lair.
  5117 | D:10     | Noticed Psyche
  5120 | D:10     | Killed Psyche
  5206 | D:10     | Reached **** piety under Makhleb
  5206 | D:10     | Reached skill level 10 in Fighting
  6063 | D:11     | You fall into a shaft and drop 1 floor!
  6078 | D:12     | Reached ***** piety under Makhleb
  6095 | D:12     | HP: 5/109 [large slime creature (31)]
  6145 | D:12     | Reached skill level 5 in Shields
  6148 | D:12     | HP: 5/110 [large slime creature (15)]
  6149 | D:12     | Demolished by a large slime creature

Levels and vault maps discovered:
D:1:      kennysheep_arrival_seaside, layout_loops_ring
D:2:      minmay_wonky_spiral, layout_basic, first_ration, elyvilon_altar_3
D:3:      layout_loops_ring, amethyst_overflow_temple_binary, fedhas_altar_4
D:4:      layout_basic, grunt_temple_overflow_opulence,
          ashenzari_conservatory_becter, serial_shops, shop_fountains,
          kennysheep_small_circle, uniq_duvessa
D:5:      layout_loops_corners, serial_shops, shop, uniq_menkaure
D:6:      layout_basic, minmay_temple_entry_butterflies,
          kennysheep_cross_bottleneck, hangedman_decor_clover_reticule,
          kb_lookout_dungeons_type, st_stairs_7
D:7:      layout_rooms, old_standard_altar, uniq_maggie
D:8:      layout_basic, serial_shops, kennysheep_mini, grunt_decor_one_mirror
D:9:      layout_basic, serial_bayou, serial_bayou_pond_c, serial_bayou_pond_d,
          serial_bayou_lake_a, serial_bayou_shore_a, serial_bayou_pond_e,
          hangedman_ranch [blue_anna_fruit_fields], kennysheep_generic_room_10
D:10:     layout_irregular_city, lair_entry_dummy, uniq_psyche, uniq_harold
D:11:     layout_basic
D:12:     layout_basic, david_orc_4, basic_altar
Temple:   regret_index_temple_sphere_string

Skill      XL: |  1  2  3  4  5  6  7  8  9 10 11 |
---------------+----------------------------------+-----
Fighting       | 3 4 5 7 8 9 10 | 10.3
Axes           | 3 4 5 6 8 9 11 | 11.8
Armour         | 4 5 6 7 8 9 |  9.0
Invocations    | 3 5 7 8 |  8.2
Shields        | 5 |  5.0

Action                   |  1- 3 |  4- 6 |  7- 9 | 10-12 || total
-------------------------+-------+-------+-------+-------++-------
Melee: War axe           |    50 |   109 |   302 |       ||   461
       Hand axe          |       |       |    79 |       ||    79
       Broad axe         |       |       |    67 |   343 ||   410
 Abil: Heal Wounds       |     1 |     4 |     8 |    17 ||    30
  Use: Scroll            |       |       |    17 |     6 ||    23
  Eat: Chunk             |       |       |    12 |    14 ||    26
Armor: Scale mail        |    16 |    51 |   139 |       ||   206
       Chain mail        |       |       |    28 |   163 ||   191
Dodge: Dodged            |    12 |    36 |   196 |   161 ||   405
Block: Kite shield       |    27 |    61 |   242 |   184 ||   514

Table legend:
 A = Non-vault XP
 B = Vault XP
 C = Vault XP percentage of total XP
 D = Non-vault monster count
 E = Vault monster count
 F = Vault count percentage of total count
                 A         B        C        D         E       F
            +---------+---------+-------+---------+---------+-------
      Total |   12306 |    4533 |  26.9 |     223 |      16 |   6.7
            +---------+---------+-------+---------+---------+-------
        D:1 |       5 |       0 |   0.0 |       3 |       0 |   0.0
        D:2 |       7 |       0 |   0.0 |       1 |       0 |   0.0
        D:3 |      59 |       0 |   0.0 |      11 |       0 |   0.0
        D:4 |     442 |     229 |  34.1 |      24 |       3 |  11.1
        D:5 |     582 |     157 |  21.2 |      22 |       1 |   4.3
        D:6 |     611 |     119 |  16.3 |      17 |       1 |   5.6
        D:7 |    1755 |     370 |  17.4 |      39 |       1 |   2.5
        D:8 |    1578 |       0 |   0.0 |      23 |       0 |   0.0
        D:9 |    1946 |    2217 |  53.3 |      23 |       8 |  25.8
       D:10 |    3251 |    1441 |  30.7 |      31 |       2 |   6.1
       D:11 |    1000 |       0 |   0.0 |      19 |       0 |   0.0
       D:12 |    1070 |       0 |   0.0 |      10 |       0 |   0.0
            +---------+---------+-------+---------+---------+-------
